TOP OF THE 1ST |
Chicago Gold Sox batting - Pitching for Toledo Stingers : LHP Maxime Janssens
|
Pitching: LHP Maxime Janssens
|
|
Batting: LHB Noel Ballard
|
0-0: Called Strike 0-1: Ball 1-1: Ball 2-1: Called Strike 2-2: Ball 3-2: Ground out 4-3 (Groundball, 4S)
|
Batting: RHB Jay Hood
|
0-0: Called Strike 0-1: Foul Ball, location: 2F 0-2: Foul Ball, location: 2F 0-2: Strikes out looking
|
Batting: RHB Ramón Rodríguez
|
0-0: Ball 1-0: Foul Ball, location: 2F 1-1: Ball 2-1: SINGLE (Groundball, 56D)
|
Batting: SHB Lupo Cotto
|
Pickoff Throw to First - Out!
|
Top of the 1st over - 0 runs, 1 hit, 0 errors, 0 left on base; Chicago 0 - Toledo 0 |
BOTTOM OF THE 1ST |
Toledo Stingers batting - Pitching for Chicago Gold Sox : RHP Eddie Kop
|
Pitching: RHP Eddie Kop
|
|
Batting: RHB Tamasaburo Kato
|
0-0: Ball 1-0: SOLO HOME RUN (Flyball, 7D), Distance : 386 ft
|
Batting: RHB Manny Bendixen
|
0-0: Ball 1-0: Ground out 4-3 (Groundball, 34)
|
Batting: RHB Alfredo Martínez
|
0-0: Called Strike 0-1: Ball 1-1: Called Strike 1-2: Ball 2-2: Ball 3-2: Fly out, F9 (Flyball, 9LD)
|
Batting: LHB Tural Bishara
|
0-0: Ball 1-0: Ball 2-0: Called Strike 2-1: Ground out 4-3 (Groundball, 4)
|
Bottom of the 1st over - 1 run, 1 hit, 0 errors, 0 left on base; Chicago 0 - Toledo 1 |
TOP OF THE 2ND |
Chicago Gold Sox batting - Pitching for Toledo Stingers : LHP Maxime Janssens
|
Batting: SHB Lupo Cotto
|
0-0: Ground out 5-3 (Groundball, 5S)
|
Batting: RHB Shimei Miura
|
0-0: Ball 1-0: Fly out, F7 (Flyball, 7D)
|
Batting: RHB Norman Winston
|
0-0: Ball 1-0: Foul Ball, location: 2F 1-1: Foul Ball, location: 2F 1-2: Ball 2-2: Foul Ball, location: 2F 2-2: Ball 3-2: SINGLE (Groundball, 34) (infield hit)
|
Pinch Runner at 1st Hirohisa Ogasawara:
|
|
Batting: RHB Zeus Preckwinkle
|
0-0: Swinging Strike 0-1: Ball 1-1: Ground out 4-3 (Groundball, 4)
|
Top of the 2nd over - 0 runs, 1 hit, 0 errors, 1 left on base; Chicago 0 - Toledo 1 |
BOTTOM OF THE 2ND |
Toledo Stingers batting - Pitching for Chicago Gold Sox : RHP Eddie Kop
|
Now at 3B: Hirohisa Ogasawara
|
|
Batting: SHB Dylan Carson
|
0-0: Fly out, F8 (Flyball, 89D)
|
Batting: RHB Armando Alvarado
|
0-0: Called Strike 0-1: Fly out, F9 (Flyball, 89D)
|
Batting: RHB Brett Callison
|
0-0: Ball 1-0: Ball 2-0: Ball 3-0: Called Strike 3-1: Foul Ball, location: 2F 3-2: Base on Balls
|
Batting: SHB Eugene Clutch
|
0-0: Called Strike 0-1: Foul Ball, location: 2F 0-2: Fielders Choice at 2nd, 5-4 (Groundball, 56)
|
Bottom of the 2nd over - 0 runs, 0 hits, 0 errors, 1 left on base; Chicago 0 - Toledo 1 |
TOP OF THE 3RD |
Chicago Gold Sox batting - Pitching for Toledo Stingers : LHP Maxime Janssens
|
Batting: RHB Manuel Guillama
|
0-0: Ball 1-0: Called Strike 1-1: Called Strike 1-2: Ball 2-2: Foul Ball, location: 2F 2-2: Ball 3-2: Foul Ball, location: 2F 3-2: SINGLE (Groundball, 23) (infield hit)
|
Batting: LHB Shigenobu Ohayashi
|
0-0: Called Strike 0-1: Foul Ball, location: 2F 0-2: Ball 1-2: Foul Ball, location: 2F 1-2: SINGLE (Flyball, 9LS) Manuel Guillama to second Runner from 2nd tries for 3rd, SAFE, no throw
|
Batting: LHB Noel Ballard
|
0-0: Fly out, F5 (Popup, 5F)
|
Batting: RHB Jay Hood
|
0-0: Ball 1-0: Foul Ball, location: 2F 1-1: Foul Ball, location: 2F 1-2: Grounds into double play, 6-4-3 (Groundball, 6)
|
Top of the 3rd over - 0 runs, 2 hits, 0 errors, 1 left on base; Chicago 0 - Toledo 1 |
BOTTOM OF THE 3RD |
Toledo Stingers batting - Pitching for Chicago Gold Sox : RHP Eddie Kop
|
Batting: SHB Tsing Guao
|
0-0: Called Strike 0-1: Swinging Strike 0-2: Ball 1-2: Strikes out swinging
|
Batting: RHB Tamasaburo Kato
|
0-0: Ball 1-0: Called Strike 1-1: Swinging Strike 1-2: Hit by Pitch
|
Batting: RHB Manny Bendixen
|
0-0: Called Strike 0-1: Called Strike 0-2: Ball 1-2: Ball 2-2: Fly out, F7 (Flyball, 7LSF)
|
Batting: RHB Alfredo Martínez
|
0-0: Swinging Strike 0-1: Ball 1-1: Ball 2-1: Ball 3-1: SINGLE (Groundball, 4MD) Tamasaburo Kato to second Runner from 2nd tries for 3rd, SAFE, no throw
|
Batting: LHB Tural Bishara
|
0-0: Foul Ball, location: 2F 0-1: Called Strike 0-2: Fly out, F9 (Flyball, 9LS)
|
Bottom of the 3rd over - 0 runs, 1 hit, 0 errors, 2 left on base; Chicago 0 - Toledo 1 |
TOP OF THE 4TH |
Chicago Gold Sox batting - Pitching for Toledo Stingers : LHP Maxime Janssens
|
Batting: RHB Ramón Rodríguez
|
0-0: Ball 1-0: Ball 2-0: Called Strike 2-1: Fly out, F3 (Popup, 3SF)
|
Batting: SHB Lupo Cotto
|
0-0: Foul Ball, location: 2F 0-1: Foul Ball, location: 2F 0-2: Ball 1-2: Ball 2-2: Ground out 1-3 (Groundball, P)
|
Batting: RHB Shimei Miura
|
0-0: Called Strike 0-1: Ball 1-1: Foul Ball, location: 2F 1-2: Ground out 6-3 (Groundball, 6)
|
Top of the 4th over - 0 runs, 0 hits, 0 errors, 0 left on base; Chicago 0 - Toledo 1 |
BOTTOM OF THE 4TH |
Toledo Stingers batting - Pitching for Chicago Gold Sox : RHP Eddie Kop
|
Batting: SHB Dylan Carson
|
0-0: Ball 1-0: Ball 2-0: Ball 3-0: Called Strike 3-1: Swinging Strike 3-2: Foul Ball, location: 2F 3-2: SOLO HOME RUN (Flyball, 9D), Distance : 400 ft
|
Batting: RHB Armando Alvarado
|
0-0: Swinging Strike 0-1: Swinging Strike 0-2: Strikes out swinging
|
Batting: RHB Brett Callison
|
0-0: Fly out, F7 (Flyball, 7LD)
|
Batting: SHB Eugene Clutch
|
0-0: Ball 1-0: Ball 2-0: Fly out, F7 (Flyball, 7D)
|
Bottom of the 4th over - 1 run, 1 hit, 0 errors, 0 left on base; Chicago 0 - Toledo 2 |
TOP OF THE 5TH |
Chicago Gold Sox batting - Pitching for Toledo Stingers : LHP Maxime Janssens
|
Batting: RHB Hirohisa Ogasawara
|
0-0: Ball 1-0: Ball 2-0: Ball 3-0: Base on Balls
|
Batting: RHB Zeus Preckwinkle
|
0-0: Called Strike 0-1: Sac Bunt - play at first, batter OUT! 2-3 Hirohisa Ogasawara to second
|
Batting: RHB Manuel Guillama
|
0-0: Called Strike 0-1: Ball 1-1: SINGLE (Line Drive, 89S) Hirohisa Ogasawara to third Runner from 3rd tries for Home, SAFE, throw made home
|
Batting: LHB Shigenobu Ohayashi
|
0-0: Ball 1-0: Foul Ball, location: 2F 1-1: Ball 2-1: Called Strike 2-2: Strikes out looking
|
Batting: LHB Noel Ballard
|
0-0: Ball 1-0: Called Strike 1-1: Ball 2-1: Foul Ball, location: 2F 2-2: Ball 3-2: Base on Balls Manuel Guillama to second
|
Batting: RHB Jay Hood
|
0-0: Fly out, F7 (Flyball, 78M)
|
Top of the 5th over - 1 run, 1 hit, 0 errors, 2 left on base; Chicago 1 - Toledo 2 |
BOTTOM OF THE 5TH |
Toledo Stingers batting - Pitching for Chicago Gold Sox : RHP Eddie Kop
|
Batting: SHB Tsing Guao
|
0-0: Foul Ball, location: 2F 0-1: Ball 1-1: Swinging Strike 1-2: Ball 2-2: Foul Ball, location: 2F 2-2: Ball 3-2: Base on Balls
|
Batting: RHB Tamasaburo Kato
|
0-0: Sac Bunt - play at first, batter OUT! 1-3 Tsing Guao to second
|
Batting: RHB Manny Bendixen
|
0-0: Foul Ball, location: 2F 0-1: SINGLE (Line Drive, 6D) Tsing Guao to third
|
Batting: RHB Alfredo Martínez
|
0-0: Ball 1-0: Ball 2-0: Fly out, F4 (Line Drive, 4)
|
Batting: LHB Tural Bishara
|
0-0: Foul Ball, location: 2F 0-1: Ball 1-1: Fly out, F7 (Flyball, 7D)
|
Bottom of the 5th over - 0 runs, 1 hit, 0 errors, 2 left on base; Chicago 1 - Toledo 2 |
TOP OF THE 6TH |
Chicago Gold Sox batting - Pitching for Toledo Stingers : LHP Maxime Janssens
|
Batting: RHB Ramón Rodríguez
|
0-0: Ground out 6-3 (Groundball, 6)
|
Batting: SHB Lupo Cotto
|
0-0: Foul Ball, location: 2F 0-1: Foul Ball, location: 2F 0-2: Ball 1-2: Ball 2-2: Ball 3-2: Base on Balls
|
Batting: RHB Shimei Miura
|
0-0: Swinging Strike 0-1: Ball Throwing error on steal attempt, E2 Lupo Cotto to third 1-1: SINGLE (Groundball, 6) (infield hit) Lupo Cotto scores
|
Batting: RHB Hirohisa Ogasawara
|
0-0: Fly out, F3 (Popup, 23)
|
Batting: RHB Zeus Preckwinkle
|
0-0: Ball 1-0: Foul Ball, location: 2F 1-1: Ball 2-1: Foul Ball, location: 2F 2-2: Ball 3-2: Strikes out looking
|
Top of the 6th over - 1 run, 1 hit, 1 error, 1 left on base; Chicago 2 - Toledo 2 |
BOTTOM OF THE 6TH |
Toledo Stingers batting - Pitching for Chicago Gold Sox : RHP Eddie Kop
|
Batting: SHB Dylan Carson
|
0-0: Ball 1-0: Ball 2-0: Foul Ball, location: 2F 2-1: Ball 3-1: Foul Ball, location: 2F 3-2: Base on Balls
|
Batting: RHB Armando Alvarado
|
0-0: Called Strike 0-1: Ball 1-1: Grounds into double play, 4-6-3 (Groundball, 4)
|
Batting: RHB Brett Callison
|
0-0: Fly out, F9 (Line Drive, 9)
|
Bottom of the 6th over - 0 runs, 0 hits, 0 errors, 0 left on base; Chicago 2 - Toledo 2 |
TOP OF THE 7TH |
Chicago Gold Sox batting - Pitching for Toledo Stingers : LHP Maxime Janssens
|
Batting: RHB Manuel Guillama
|
0-0: Swinging Strike 0-1: SINGLE (Flyball, 5D)
|
Pitching: LHP Bill Edmonds
|
|
Batting: LHB Shigenobu Ohayashi
|
0-0: Sac Bunt - play at second, runner OUT! 2-6
|
Batting: LHB Noel Ballard
|
0-0: Foul Ball, location: 2F 0-1: Ball 1-1: Called Strike 1-2: Foul Ball, location: 2F 1-2: Ball 2-2: Strikes out looking
|
Batting: RHB Jay Hood
|
0-0: Ball 1-0: Called Strike 1-1: Called Strike 1-2: Foul Ball, location: 2F 1-2: Ball Shigenobu Ohayashi steals 2nd base 2-2: SINGLE (Groundball, 34D) Shigenobu Ohayashi to third Runner from 3rd tries for Home, SAFE, no throw
|
Batting: RHB Ramón Rodríguez
|
0-0: Ball 1-0: Swinging Strike 1-1: Ball 2-1: Foul Ball, location: 2F 2-2: Strikes out swinging
|
Top of the 7th over - 1 run, 2 hits, 0 errors, 1 left on base; Chicago 3 - Toledo 2 |
BOTTOM OF THE 7TH |
Toledo Stingers batting - Pitching for Chicago Gold Sox : RHP Eddie Kop
|
Batting: SHB Eugene Clutch
|
0-0: Called Strike 0-1: Foul Ball, location: 2F 0-2: Ground out 3-1 (Groundball, 34S)
|
Batting: SHB Tsing Guao
|
0-0: Ball 1-0: Called Strike 1-1: SINGLE (Line Drive, 34D)
|
Batting: RHB Tamasaburo Kato
|
0-0: Called Strike 0-1: Reached on error, E4 (Groundball, 4) Tsing Guao to second
|
Pinch Hitting: LHB Ned Durand
|
0-0: Ball 1-0: Fly out, F9 (Flyball, 9S)
|
Batting: RHB Alfredo Martínez
|
0-0: Ball 1-0: Swinging Strike 1-1: 3-RUN HOME RUN (Flyball, 78XD), Distance : 465 ft
|
Batting: LHB Tural Bishara
|
0-0: Ball 1-0: Ball 2-0: Ground out 6-3 (Groundball, 6M)
|
Bottom of the 7th over - 3 runs, 2 hits, 1 error, 0 left on base; Chicago 3 - Toledo 5 |
TOP OF THE 8TH |
Chicago Gold Sox batting - Pitching for Toledo Stingers : LHP Bill Edmonds
|
Now at 1B: Ned Durand
|
|
Batting: SHB Lupo Cotto
|
0-0: Ball 1-0: Ball 2-0: Ball 3-0: Called Strike 3-1: Ground out 6-3 (Groundball, 6)
|
Batting: RHB Shimei Miura
|
0-0: Called Strike 0-1: Swinging Strike 0-2: Foul Ball, location: 2F 0-2: Ball 1-2: Strikes out swinging
|
Batting: RHB Hirohisa Ogasawara
|
0-0: Foul Ball, location: 2F 0-1: Swinging Strike 0-2: Strikes out swinging
|
Top of the 8th over - 0 runs, 0 hits, 0 errors, 0 left on base; Chicago 3 - Toledo 5 |
BOTTOM OF THE 8TH |
Toledo Stingers batting - Pitching for Chicago Gold Sox : RHP Eddie Kop
|
Batting: SHB Dylan Carson
|
0-0: Ball 1-0: Fly out, F7 (Flyball, 7LMF)
|
Batting: RHB Armando Alvarado
|
0-0: Ball 1-0: Foul Ball, location: 2F 1-1: Ball 2-1: Swinging Strike 2-2: Foul Ball, location: 2F 2-2: Ball 3-2: Strikes out swinging
|
Batting: RHB Brett Callison
|
0-0: Ball 1-0: Ball 2-0: Ball 3-0: Called Strike 3-1: Foul Ball, location: 2F 3-2: Ground out 6-3 (Groundball, 6)
|
Bottom of the 8th over - 0 runs, 0 hits, 0 errors, 0 left on base; Chicago 3 - Toledo 5 |
TOP OF THE 9TH |
Chicago Gold Sox batting - Pitching for Toledo Stingers : LHP Bill Edmonds
|
Pitching: LHP An Jang-Yop
|
|
Batting: RHB Zeus Preckwinkle
|
0-0: Ball 1-0: Foul Ball, location: 2F 1-1: SINGLE (Groundball, 56S) (infield hit)
|
Batting: RHB Manuel Guillama
|
0-0: Ball 1-0: Foul Ball, location: 2F 1-1: Ball 2-1: Swinging Strike 2-2: Hit by Pitch Zeus Preckwinkle to second
|
Batting: LHB Shigenobu Ohayashi
|
0-0: Sac Bunt - play at first, batter OUT! 1-3 Zeus Preckwinkle to third Manuel Guillama to second
|
Batting: LHB Noel Ballard
|
0-0: Foul Ball, location: 2F 0-1: Ball 1-1: Ball 2-1: Foul Ball, location: 2F 2-2: Ball 3-2: Foul Ball, location: 2F 3-2: Foul Ball, location: 2F 3-2: SINGLE (Line Drive, 7LS) Zeus Preckwinkle scores Manuel Guillama to third Runner from 3rd tries for Home, SAFE, no throw
|
Batting: RHB Jay Hood
|
0-0: Ball Pickoff Throw to First - Error! E1 Noel Ballard to second 1-0: Ball 2-0: Fly out, F9 (Flyball, 9D) Runner from 2nd tags up, SAFE at 3rd, no throw
|
Batting: RHB Ramón Rodríguez
|
0-0: Called Strike 0-1: Ball 1-1: Ball 2-1: Ground out 5-3 (Groundball, 5S)
|
Top of the 9th over - 2 runs, 2 hits, 1 error, 1 left on base; Chicago 5 - Toledo 5 |
BOTTOM OF THE 9TH |
Toledo Stingers batting - Pitching for Chicago Gold Sox : RHP Eddie Kop
|
Batting: SHB Eugene Clutch
|
0-0: Ball 1-0: Ball 2-0: Foul Ball, location: 2F 2-1: Swinging Strike 2-2: Foul Ball, location: 2F 2-2: Ball 3-2: Base on Balls
|
Pitching: RHP Toshiki Yokoyama
|
|
Batting: SHB Tsing Guao
|
0-0: Ball 1-0: Ball 2-0: Called Strike 2-1: Ball 3-1: Base on Balls Eugene Clutch to second
|
Batting: RHB Tamasaburo Kato
|
0-0: Ball 1-0: Ball 2-0: Called Strike 2-1: Foul Ball, location: 2F 2-2: Ball 3-2: Foul Ball, location: 2F 3-2: Fly out, F3 (Popup, 3SF)
|
Batting: LHB Ned Durand
|
0-0: Called Strike 0-1: Called Strike 0-2: Ball 1-2: SINGLE (Groundball, 34D) Eugene Clutch to third Tsing Guao to second Runner from 3rd tries for Home, SAFE, no throw
|
Saturday, December 22nd, 2018 - OOTP Baseball 18.8 Build 76
|
|